 Dungeon Crawl Stone Soup version 0.30-a0-322-g102857c98e (webtiles) character file.

Game seed: 8074981398648545274

1322 jlumianski the Chopper (level 8, -2/61 HPs)
             Began as a Demonspawn Fighter on Oct 27, 2022.
             Slain by a hornet (3 damage)
             ... while paralysed by a hornet
             ... on level 7 of the Dungeon.
             The game lasted 00:27:56 (5617 turns).

jlumianski the Chopper (Demonspawn Fighter)         Turns: 5617, Time: 00:27:57

Health: -2/61      AC: 18    Str: 19    XL:     8   Next: 33%
Magic:  8/8        EV:  2    Int:  9    God:
Gold:   307        SH:  0    Dex: 11    Spells: 7/7 levels left

rFire   . . .      SeeInvis .    a - +1 war axe
rCold   . . .      Faith    .    c - +0 buckler
rNeg    . . .      Spirit   .    b - +0 scale mail
rPois   .          Reflect  .    (helmet restricted)
rElec   .          Harm     .    x - +0 cloak
rCorr   .          Rampage  .    j - +0 pair of gloves
Will    +....                    (no boots)
Stlth   ..........               (no amulet)
HPRegen 0.30/turn                i - ring of willpower
MPRegen 0.22/turn                (no ring)

@: paralysed, lethally poisoned (-2 -> -9), sanguine armoured, slowed
A: horns 1, magic regeneration, sanguine armour 2, clumsy 1
a: no special abilities


You were on level 7 of the Dungeon.
You visited 2 branches of the dungeon, and saw 8 of its levels.
You also visited: Sewer.

You collected 337 gold pieces.
You spent 30 gold pieces at shops.

Inventory:

Hand Weapons
 a - a +1 war axe (weapon)
 f - a +1 vampiric halberd
Armour
 b - a +0 scale mail (worn)
 c - a +0 buckler (worn)
 j - a +0 pair of gloves (worn)
 o - a +1 ring mail of fire resistance
 x - a +0 cloak (worn)
Jewellery
 i - a ring of willpower (left hand)
 q - an amulet of faith
Wands
 v - a wand of flame (12)
 D - a wand of charming (11)
 E - a wand of digging (4)
 F - a wand of mindburst (11)
Scrolls
 k - a scroll of immolation
 l - a scroll of teleportation
 m - 3 scrolls of fog
 r - a scroll of poison
 u - a scroll of amnesia
 y - a scroll of silence
 C - 2 scrolls of vulnerability {unknown}
Potions
 d - 3 potions of might
 e - 2 potions of mutation
 g - 2 potions of curing
 h - a potion of resistance
 n - a potion of lignification
 p - a potion of invisibility
 s - a potion of haste
 t - a potion of magic
 z - 3 potions of flight
 A - 2 potions of degeneration
 B - a potion of cancellation
 G - a potion of ambrosia {unknown}


   Skills:
 * Level 4.8 Fighting
 + Level 6.8 Axes
 + Level 5.2 Armour
 + Level 1.6 Dodging
 + Level 0.4 Stealth
 + Level 3.5 Shields


You had 7 spell levels left.
You didn't know any spells.
Your spell library contained the following spells:

 Spells                   Type           Power      Damage    Failure   Level
 Kiss of Death            Conj/Necr      0%         2d5       83%         1
 Sandblast                Erth           0%         2d4       83%         1
 Passwall                 Tmut/Erth      0%         N/A       92%         2
 Confusing Touch          Hex            0%         N/A       99%         3
 Stone Arrow              Conj/Erth      0%         3d7       99%         3
 Dispel Undead            Necr           0%         3d6       100%        4


Dungeon Overview and Level Annotations

Branches:
Dungeon (7/15)             Temple (1/1) D:5           Sewer (visited)

Altars:
Ashenzari
Cheibriados
Dithmenos
Gozag
Hepliaklqana
Makhleb
Ru
Sif Muna
Trog
Uskayaw
Wu Jian
Yredelemnul

Shops:
D:3 *

Annotations:
D:6 2 transporters, OstrichLN's ghost, novice DsGl


Innate Abilities, Weirdness & Mutations

You have a pair of small horns on your head.
You regenerate magic rapidly.
When seriously injured, your blood forms thick armour. (AC +9)
You are clumsy. (Dex -2)


Message History

Aiming: Mindburst
Press: ? - help, Shift-Dir - straight line, f/p - hornet
Aim: a hornet (severely wounded, chance to affect: 55%)
The hornet's mind is blasted.
The hornet stings you but does no damage.
The hornet closely misses you. The hornet stings you!
* * * LOW HITPOINT WARNING * * *
You feel as though you will be slow longer.
Aiming: Throw Flame
Press: ? - help, Shift-Dir - straight line, f/p - hornet
Aim: a hornet (almost dead, 52% to hit)
Okay, then.
Aiming: Throw Flame
Press: ? - help, Shift-Dir - straight line, f/p - hornet
Aim: a hornet (almost dead, 52% to hit)
The puff of flame hits the hornet but does no damage.
The hornet is almost dead.
The hornet stings you.
* * * LOW HITPOINT WARNING * * *
You are lethally poisoned!
You feel as though you will be slow longer.
The hornet barely misses you.
Unknown command.
You feel better. You block the hornet's attack.
The hornet stings you but does no damage.
You miss the hornet. Your headbutt misses the hornet.
The hornet is almost dead.
The hornet stings you but does no damage. x2
The hornet stings you!
* * * LOW HITPOINT WARNING * * *
You are lethally poisoned!
You suddenly lose the ability to move!
* * * LOW HITPOINT WARNING * * *
You feel very sick.
The hornet stings you but does no damage.
* * * LOW HITPOINT WARNING * * *
You feel very sick.
The hornet stings you but does no damage.
The hornet stings you.
You die...

....>##
##.....##
##.......##
#.......!.#
+.........+
#.........#
#...y...#
#..@..#
##...## ##'##
#.# ##.#####
#......#
##<..#..##
###..........
#.........###


You could see a hornet.

Vanquished Creatures
  Sigmund (D:5)
  A shadow (D:6)
  An orc warrior (D:6)
  A phantom (D:6)
  Blork the orc (D:5)
  A necrophage (D:4)
  2 scorpions (D:5)
  A howler monkey (D:5)
  2 hounds
  4 jellies (Sewer)
  2 iguanas (D:5)
  2 orc wizards
  7 adders
  3 gnolls (D:4)
  3 river rats (Sewer)
  2 shadow imps
  2 worms
  3 dart slugs
  10 orcs
  8 ball pythons
  15 endoplasms
  6 giant cockroaches
  5 goblins
  6 hobgoblins
  5 kobolds
  5 quokkas
  9 bats
  9 frilled lizards
  13 rats
130 creatures vanquished.

Notes
Turn   | Place    | Note
-------+----------+-------------------------------------------
     0 | D:1      | jlumianski the Demonspawn Fighter began the quest for the
                  | Orb.
     0 | D:1      | Reached XP level 1. HP: 18/18 MP: 1/1
    92 | D:2      | Gained mutation: You regenerate magic rapidly. [demonic
                  | ancestry]
    92 | D:2      | Reached XP level 2. HP: 20/24 MP: 2/2
   152 | D:2      | Found a faded altar of an unknown god.
   222 | D:1      | Reached skill level 2 in Axes
   224 | D:1      | HP: 1/24 [frozen (4)]
   496 | D:2      | Gained mutation: When seriously injured, your blood forms
                  | armour. (AC +9) [demonic ancestry]
   496 | D:2      | Reached XP level 3. HP: 26/29 MP: 3/3
  1536 | D:2      | Gained mutation: You are clumsy. (Dex -2) [potion of
                  | mutation]
  1582 | D:3      | Found a shimmering blue altar of Sif Muna.
  1703 | D:3      | Gained mutation: You have a pair of small horns on your
                  | head. [demonic ancestry]
  1703 | D:3      | Reached XP level 4. HP: 35/35 MP: 4/4
  1706 | D:3      | Found Adenk's General Store.
  1714 | D:3      | Bought a potion of curing for 30 gold pieces
  2113 | D:4      | Found a shadowy altar of Dithmenos.
  2139 | D:5      | Entered Level 5 of the Dungeon
  2171 | D:4      | Reached XP level 5. HP: 41/42 MP: 5/5
  2209 | D:5      | Noticed Blork the orc
  2216 | D:5      | Killed Blork the orc
  2217 | D:5      | Reached skill level 3 in Axes
  2322 | D:5      | Found a glowing drain.
  2426 | Sewer    | Entered a sewer
  2552 | Sewer    | Gained mutation: When seriously injured, your blood forms
                  | thick armour. (AC +9) [demonic ancestry]
  2552 | Sewer    | Reached XP level 6. HP: 48/48 MP: 6/6
  2625 | Sewer    | Reached skill level 4 in Axes
  2626 | Sewer    | Found a viscous altar of Jiyva.
  3550 | D:4      | Reached skill level 5 in Axes
  3629 | D:4      | Reached XP level 7. HP: 54/54 MP: 7/7
  4074 | D:5      | Found a basalt altar of Yredelemnul.
  4093 | D:5      | Reached skill level 1 in Dodging
  4404 | D:5      | Found a staircase to the Ecumenical Temple.
  4410 | Temple   | Entered the Ecumenical Temple
  4604 | D:5      | Noticed Sigmund
  4615 | D:5      | Killed Sigmund
  4616 | D:5      | Reached skill level 6 in Axes
  4798 | D:6      | HP: 1/55 [orc warrior/+1 vampiric halberd (5)]
  4989 | D:6      | Found a broken altar of Ashenzari.
  5030 | D:6      | Reached XP level 8. HP: 55/61 MP: 8/8
  5053 | D:6      | Found a transporter.
  5060 | D:6      | Noticed a deep elf pyromancer
  5060 | D:6      | Noticed OstrichLN's ghost (novice DsGl)
  5118 | D:6      | Reached skill level 5 in Armour
  5251 | D:6      | Found a transporter.
  5600 | D:7      | Noticed a hornet
  5604 | D:7      | Paralysed by a hornet for 2 turns
  5610 | D:7      | Paralysed by a hornet for 2 turns
  5615 | D:7      | Paralysed by a hornet for 3 turns
  5617 | D:7      | HP: 1/61 [poisoned by a hornet]
  5617 | D:7      | Slain by a hornet

Illustrated notes

Levels and vault maps discovered:
D:1:      heliophobic_arrival_henge, layout_loops_ring
D:2:      layout_loops_ring, dilly_ecumenical_altar_fadedgnrine,
          minmay_misc_feat_enclosed, st_stairs_5
D:3:      layout_basic, nicolae_overflow_crystal_walls, serial_shops, shop
D:4:      minmay_spotlight, layout_basic, nicolae_dithmenos_the_darkroom,
          minmay_misc_feat_more_columns
D:5:      layout_rooms, mainiacjoe_overflow_boulevard,
          minmay_temple_entry_nine_rooms, gup_sewer_entry_bowl,
          uniq_blork_the_orc, uniq_sigmund
D:6:      layout_rooms, lemuel_doored_altar, gammafunk_ghost_arena,
          skrybe_limestone_x, minmay_misc_feat_pillars,
          hangedman_decor_slide_cut
D:7:      layout_loops_corners, lemuel_round_altar, fountainhead, uniq_pikel
Temple:   hellmonk_temple_beads

Skill      XL: |  1  2  3  4  5  6  7  8 |
---------------+-------------------------+-----
Axes           | 2 3 5 6 |  6.8
Armour         | 3 4 5 |  5.2
Shields        | 3 |  3.5
Fighting       | 4 |  4.8
Dodging        | 1 |  1.6
Stealth        | |  0.4

Action                   |  1- 3 |  4- 6 |  7- 9 || total
-------------------------+-------+-------+-------++-------
Melee: War axe           |   128 |   153 |   118 ||   399
       Headbutt          |       |    15 |    21 ||    36
Evoke: Wand              |       |       |     7 ||     7
  Use: Scroll            |     8 |     1 |     4 ||    13
       Potion            |     4 |     3 |     4 ||    11
Armor: Scale mail        |    63 |    78 |    57 ||   198
Dodge: Dodged            |    64 |    60 |    53 ||   177
Block: Buckler           |    30 |    29 |    25 ||    84

Table legend: (Time is in decaauts)
 A = Elapsed time spent in this place.
 B = Non-inter-level travel time spent in this place.
 C = Inter-level travel time spent in this place.
 D = Time resting spent in this place.
 E = Time spent auto-exploring this place.
 F = Levels seen in this place.
 G = Mean time per level.
                   A        B        C        D        E       F      G
               +--------+--------+--------+--------+--------+-----+--------+
         Total |   5830 |   5790 |     40 |    917 |   2865 |   9 |  647.8 |
       Dungeon |   5143 |   5103 |     40 |    668 |   2755 |   7 |  734.7 |
        Temple |    104 |    104 |      0 |      0 |     45 |   1 |  104.0 |
         Sewer |    582 |    582 |      0 |    249 |     65 |   1 |  582.0 |
               +--------+--------+--------+--------+--------+-----+--------+

Top non-repeatable levels by time:
     D:4: 1150 daAuts
     D:5: 960 daAuts
     D:6: 845 daAuts
     D:2: 835 daAuts
     D:1: 754 daAuts
   Sewer: 582 daAuts
     D:3: 555 daAuts
  Temple: 104 daAuts
     D:7: 41 daAuts
